 Dungeon Crawl Stone Soup version 0.27.1-35-g4d5d836560 (webtiles) character file.

Game seed: 10775165222617522808

38 cbfl8 the Sneak (level 3, 0/33 HPs)
             Began as a Minotaur Delver on Mar 18, 2022.
             Succumbed to a water moccasin's poison
             ... in a sewer.
             The game lasted 00:01:59 (915 turns).

cbfl8 the Sneak (Minotaur Delver)                    Turns: 915, Time: 00:01:59

Health: 0/33       AC:  8    Str: 16    XL:     3   Next: 25%
Magic:  2/2        EV:  4    Int:  7    God:
Gold:   6          SH:  7    Dex: 12    Spells: 2/2 levels left

rFire    . . .     SeeInvis .   a - +0 hand axe
rCold    . . .     Faith    .   j - +0 kite shield
rNeg     . . .     Spirit   .   l - +0 chain mail
rPois    .         Reflect  .   (helmet restricted)
rElec    .         Harm     .   (no cloak)
rCorr    .         Rampage  .   (no gloves)
Will     .....                  (no boots)
Stlth    ..........             (no amulet)
HPRegen  0.11/turn              (no ring)
MPRegen  0.08/turn              (no ring)

@: lethally poisoned (0 -> -6)
A: horns 2, retaliatory headbutt
a: no special abilities


You were in a sewer.
You visited 1 branch of the dungeon, and saw 2 of its levels.
You also visited: Sewer.

You collected 6 gold pieces.

Inventory:

Hand Weapons
 a - a +0 hand axe (weapon)
Armour
 b - a +0 leather armour
 h - a +0 ring mail
 j - a +0 kite shield (worn)
 l - a +0 chain mail (worn)
Wands
 g - a wand of digging (3)
Scrolls
 c - a scroll of fog
 d - 3 scrolls of identify {unknown}
 e - a scroll of fear
 k - a scroll of amnesia {unknown}
Potions
 f - a potion of haste
 i - a potion of cancellation {unknown}


   Skills:
 + Level 3.8 Fighting
 + Level 2.8 Axes
 + Level 0.3 Armour
 + Level 2.3 Dodging
 + Level 4.7 Stealth


You had 2 spell levels left.
You didn't know any spells.
Your spell library was empty.

Dungeon Overview and Level Annotations

Branches:
Dungeon (5/15)              Sewer (1/1)
 Temple: D:4-7

Altars:
Dithmenos


Innate Abilities, Weirdness & Mutations

You have a pair of horns on your head.
You reflexively headbutt those who attack you in melee.


Message History

You hit the water moccasin.
Your headbutt misses the water moccasin.
The water moccasin is moderately wounded.
The water moccasin completely misses you.
The water moccasin bites you.
You are poisoned.
The water moccasin poisons you!
You hit the water moccasin.
Your headbutt misses the water moccasin.
The water moccasin is heavily wounded.
You feel very sick. The water moccasin bites you.
You block the water moccasin's attack.
Unknown command.
You hit the water moccasin but do no damage.
The water moccasin is heavily wounded.
You feel sick.
The water moccasin bites you but does no damage.
The water moccasin bites you.
You closely miss the water moccasin.
Your headbutt misses the water moccasin.
The water moccasin is heavily wounded.
You feel sick. The water moccasin bites you.
You are lethally poisoned!
The water moccasin poisons you!
The water moccasin bites you but does no damage.
You hit the water moccasin.
The water moccasin is severely wounded.
* * * LOW HITPOINT WARNING * * *
You feel very sick.
The water moccasin bites you but does no damage. x2
You hit the water moccasin.
The water moccasin is severely wounded.
* * * LOW HITPOINT WARNING * * *
You feel very sick. The water moccasin bites you.
* * * LOW HITPOINT WARNING * * *
You block the water moccasin's attack.
You slash the water moccasin!
You kill the water moccasin!
You die...

######### #)##.##.#
#.##.##.#
#+##'##'##'##+##+##+#
#######...@...............#
≈≈≈≈≈≈#≈≈≈≈≈≈≈≈≈.≈≈≈≈≈≈≈≈≈#
≈≈≈≈≈≈#≈≈≈≈≈≈≈≈≈∩≈≈≈≈≈≈≈≈≈#
≈≈≈≈≈≈#≈≈≈≈≈≈≈≈≈.≈≈≈≈≈≈≈≈≈#
#######...................#
#'##'##'##.##'##'##'#
#.##÷##.##.##)##.##†#
#.##.##.##∩##.##.##(#
#####################


There were no monsters in sight!

Vanquished Creatures
  A water moccasin (Sewer)
  2 adders
  A white imp (D:4)
  A dart slug (D:4)
  An endoplasm (D:4)
  2 giant cockroaches (D:4)
  A quokka (D:4)
  2 ball pythons (D:4)
  A bat (Sewer)
  2 kobolds
14 creatures vanquished.

Vanquished Creatures (others)
  A plant (D:4)
1 creature vanquished.

Grand Total: 15 creatures vanquished

Notes
Turn   | Place    | Note
-------+----------+-------------------------------------------
     0 | D:5      | cbfl8 the Minotaur Delver began the quest for the Orb.
     0 | D:5      | Reached XP level 1. HP: 19/19 MP: 0/0
   108 | D:4      | Noticed a hornet zombie
   189 | D:4      | Reached XP level 2. HP: 20/27 MP: 1/1
   276 | D:4      | Found a shadowy altar of Dithmenos.
   344 | D:4      | Found a glowing drain.
   361 | D:4      | HP: 1/27 [hornet zombie (10)]
   364 | Sewer    | Entered a sewer
   659 | Sewer    | Reached XP level 3. HP: 27/33 MP: 2/2
   906 | Sewer    | Noticed a water moccasin
   915 | Sewer    | Killed a water moccasin
   915 | Sewer    | Succumbed to a water moccasin's poison

Illustrated notes

Levels and vault maps discovered:
D:4:      cheibrodos_old_hovel, layout_loops_ring, marbit_many_paths,
          nicolae_dithmenos_shadow_blocks, cheibrodos_sewer_entry_drain
D:5:      layout_cave_pools, serial_shops, nicolae_stop_n_shop_1,
          minmay_misc_feat_tower, hangedman_minor_gate_pass
Sewer:    kennysheep_door_sewer

Action                   || total
-------------------------++-------
Melee: Hand axe          ||    49
       Headbutt          ||     5
  Use: Scroll            ||     2
Armor: Ring mail         ||    16
       Chain mail        ||    13
Dodge: Dodged            ||    24
Block: Kite shield       ||     9
